 Dungeon Crawl Stone Soup version 0.30-a0-358-g0d69a1922f (webtiles) character file.

Game seed: 18265156919276426313

806 Hnkdwk the Shield-Bearer (level 7, -5/69 HPs)
             Began as a Minotaur Fighter on Nov 10, 2022.
             Killed by divine providence
             ... invoked by an orc priest
              (12 damage)
             ... on level 5 of the Dungeon.
             The game lasted 00:05:47 (4079 turns).

Hnkdwk the Shield-Bearer (Minotaur Fighter)         Turns: 4079, Time: 00:05:48

Health: -5/69      AC: 10    Str: 22    XL:     7   Next: 60%
Magic:  6/6        EV:  9    Int:  5    God:
Gold:   51         SH:  0    Dex: 10    Spells: 6/6 levels left

rFire   + . .      SeeInvis +    a - +0 war axe
rCold   . . .      Faith    .    q - orb {light}
rNeg    . . .      Spirit   .    l - +0 scale mail {rF+}
rPois   .          Reflect  .    (helmet restricted)
rElec   .          Harm     .    f - +0 cloak
rCorr   .          Rampage  .    (no gloves)
Will    .....                    (no boots)
Stlth   ..........               (no amulet)
HPRegen 0.31/turn                b - ring of see invisible
MPRegen 0.10/turn                (no ring)

@: glowing
A: horns 2, retaliatory headbutt, iridescent scales 1, robust 1
a: no special abilities


You were on level 5 of the Dungeon.
You visited 2 branches of the dungeon, and saw 6 of its levels.

You collected 141 gold pieces.
You spent 90 gold pieces at shops.

Inventory:

Hand Weapons
 a - a +0 war axe (weapon)
Armour
 c - a +0 buckler
 f - a +0 cloak (worn)
 l - a +0 scale mail of fire resistance (worn)
 q - an orb of light (worn)
Jewellery
 b - a ring of see invisible (left hand)
Scrolls
 e - 3 scrolls of immolation
 g - 2 scrolls of magic mapping
 m - a scroll of butterflies
 o - a scroll of teleportation
 p - 3 scrolls of identify
Potions
 d - 3 potions of might
 h - 2 potions of curing
 i - 2 potions of mutation
 j - a potion of attraction
 k - a potion of magic
 n - a potion of lignification


   Skills:
 + Level 6.2 Fighting
 + Level 5.6 Axes
 + Level 6.2 Armour
 + Level 6.2 Shields


You had 6 spell levels left.
You didn't know any spells.
Your spell library contained the following spells:

 Spells                   Type           Power      Damage    Failure   Level
 Ozocubu's Armour         Ice            0%         N/A       98%         3
 Yara's Violent Unravell  Hex/Tmut       0%         3d3       100%        5
 Enfeeble                 Hex            0%         N/A       100%        7
 Ozocubu's Refrigeration  Ice            0%         4d7       100%        7


Dungeon Overview and Level Annotations

Branches:
Dungeon (5/15)             Temple (1/1) D:4

Altars:
Ashenzari
Kikubaaqudgha
Makhleb
Okawaru
Qazlal
Ru
Uskayaw
Wu Jian
Zin
The Shining One

Shops:
D:1 [   D:4 ?   D:5 (


Innate Abilities, Weirdness & Mutations

You have a pair of horns on your head.
You reflexively headbutt those who attack you in melee.
You are partially covered in iridescent scales. (AC +2)
You are robust. (+10% HP)


Message History

* * * LOW HITPOINT WARNING * * *
The iguana bites you.
* * * LOW HITPOINT WARNING * * *
You feel better. The gnoll hits you but does no damage.
The gnoll barely misses you. The iguana misses you.
Unknown command.
You hit the iguana but do no damage.
You headbutt the iguana, but do no damage.
The iguana is severely wounded.
You slash the gnoll!
You kill the gnoll!
You barely miss the gnoll. The gnoll misses you. The iguana bites you!
* * * LOW HITPOINT WARNING * * *
The gnoll hits you but does no damage.
You slash the iguana!
You kill the iguana!
You barely miss the orc. You slash the gnoll!
You kill the gnoll!
The orc hits you but does no damage.
Unknown command.
You hit the orc priest.
The orc priest is moderately wounded.
You barely miss the orc.
The orc priest calls upon Beogh to heal the orc priest.
The orc priest's wounds heal themselves!
The orc barely misses you. x2
The orc priest invokes the aid of Beogh against you.
Pain shoots through your body!
* * * LOW HITPOINT WARNING * * *
The orc priest hits you but does no damage.
You slash the orc priest!
The orc priest is severely wounded.
You barely miss the orc. The orc hits you but does no damage.
The orc priest barely misses you.
You slash the orc priest!
You kill the orc priest!
You completely miss the orc priest. You barely miss the orc.
The orc priest invokes the aid of Beogh against you.
Beogh smites you!
You die...

..........#.#####..##
### ......##.###
#....# ...## .....##
.. ##...#.###.....
#.....
##.#.##.........
#....#.
#....#..........
....#............
..###.##.......[$
...#.###.##.......
......o@.......... .
?.....o).......... .
......###.........
... ...... ....$....
... ..... .........
... ..... ....#....
... .... ...>.#. .#
...# ....
##....#.....#..


You could see an orc priest and an orc.

Vanquished Creatures
  Menkaure (D:5)
  An ogre (D:4)
  A scorpion (D:4)
  4 orc priests
  A gnoll bouda (D:5)
  A jelly (D:3)
  Natasha (D:3)
  2 iguanas
  3 orc wizards
  8 gnolls (D:5)
  8 adders
  A white imp (D:5)
  2 dart slugs
  15 orcs
  4 endoplasms
  7 giant cockroaches
  6 goblins
  7 hobgoblins
  A quokka (D:1)
  6 ball pythons
  3 bats
  2 frilled lizards
  6 kobolds
91 creatures vanquished.

Notes
Turn   | Place    | Note
-------+----------+-------------------------------------------
     0 | D:1      | Hnkdwk the Minotaur Fighter began the quest for the Orb.
     0 | D:1      | Reached XP level 1. HP: 19/19 MP: 0/0
   171 | D:1      | Found Tyquy's Antique Armour Boutique.
   180 | D:1      | Reached XP level 2. HP: 18/27 MP: 1/1
  1216 | D:2      | Gained mutation: You are robust. (+10% HP) [potion of
                  | mutation]
  1216 | D:2      | Gained mutation: You are partially covered in iridescent
                  | scales. (AC +2) [potion of mutation]
  1273 | D:2      | Reached XP level 3. HP: 36/36 MP: 2/2
  2026 | D:3      | Noticed Natasha
  2028 | D:3      | Killed Natasha
  2029 | D:3      | Reached XP level 4. HP: 43/45 MP: 3/3
  2098 | D:3      | Found a faded altar of an unknown god.
  2123 | D:3      | Found an ornate altar of the Wu Jian Council.
  2423 | D:4      | Reached XP level 5. HP: 50/51 MP: 4/4
  2641 | D:4      | Found Uskoets's Magic Scroll Emporium.
  2647 | D:4      | Bought a scroll of teleportation for 30 gold pieces
  2647 | D:4      | Bought a scroll of identify for 20 gold pieces
  2647 | D:4      | Bought a scroll of identify for 20 gold pieces
  2647 | D:4      | Bought a scroll of identify for 20 gold pieces
  2902 | D:4      | Noticed an ogre
  2904 | D:4      | Found a staircase to the Ecumenical Temple.
  2914 | D:4      | Killed an ogre
  2915 | D:4      | Reached skill level 5 in Fighting
  2915 | D:4      | Reached skill level 5 in Armour
  2915 | D:4      | Reached skill level 5 in Shields
  2930 | Temple   | Entered the Ecumenical Temple
  3038 | D:4      | Reached XP level 6. HP: 61/61 MP: 5/5
  3704 | D:5      | Entered Level 5 of the Dungeon
  3753 | D:5      | Noticed Menkaure
  3754 | D:5      | Reached skill level 5 in Axes
  3754 | D:5      | Reached XP level 7. HP: 56/68 MP: 6/6
  3758 | D:5      | Found Dixzarob's Weapon Emporium.
  3761 | D:5      | Killed Menkaure
  4079 | D:5      | Killed from afar by an orc priest

Illustrated notes

Levels and vault maps discovered:
D:1:      scummos_arrival_checkerplants, layout_loops_cross, serial_aquarium,
          aquarium_bridge_long_separate [aquarium_subvault_window,
          aquarium_subvault_bridge, aquarium_subvault_wall,
          aquarium_subvault_bridge, aquarium_subvault_bridge,
          aquarium_subvault_window], aquarium_bridge_island_small
          [aquarium_subvault_small_water, aquarium_subvault_bridge,
          aquarium_subvault_bridge, aquarium_subvault_window,
          aquarium_subvault_bridge], aquarium_window_corner,
          aquarium_window_fake, aquarium_window_fake, aquarium_window_fake,
          aquarium_view_2c, aquarium_pool_2, serial_shops, shop_fountains,
          minivault_27
D:2:      layout_loops_corners
D:3:      layout_basic, lemuel_doored_altar,
          hellmonk_ecumenical_altar_arch_garden, uniq_natasha
D:4:      layout_layer_cave, minmay_temple_entry_slanted, serial_shops, shop
D:5:      layout_cave_pools, mainiacjoe_overflow_chevrons, serial_shops,
          nicolae_stop_n_shop_2, uniq_menkaure
Temple:   hellmonk_temple_rainy

Skill      XL: |  1  2  3  4  5  6  7 |
---------------+----------------------+-----
Fighting       | 4 5 6 |  6.2
Armour         | 4 5 6 |  6.2
Shields        | 4 5 6 |  6.2
Axes           | 3 4 5 |  5.6

Action                   |  1- 3 |  4- 6 |  7- 9 || total
-------------------------+-------+-------+-------++-------
Melee: War axe           |    77 |    75 |    26 ||   178
       Headbutt          |     9 |    10 |     4 ||    23
  Use: Scroll            |     6 |     8 |       ||    14
       Potion            |     1 |     4 |     2 ||     7
 Stab: Distracted        |       |     1 |       ||     1
Armor: Scale mail        |    30 |    40 |    15 ||    85
Dodge: Dodged            |    30 |    32 |    18 ||    80
Block: Buckler           |    13 |    19 |       ||    32

Table legend: (Time is in decaauts)
 A = Elapsed time spent in this place.
 B = Non-inter-level travel time spent in this place.
 C = Inter-level travel time spent in this place.
 D = Time resting spent in this place.
 E = Time spent auto-exploring this place.
 F = Levels seen in this place.
 G = Mean time per level.
                   A        B        C        D        E       F      G
               +--------+--------+--------+--------+--------+-----+--------+
         Total |   4152 |   4005 |    147 |    138 |   3264 |   6 |  692.0 |
       Dungeon |   4041 |   3905 |    136 |    138 |   3174 |   5 |  808.2 |
        Temple |    111 |    100 |     11 |      0 |     90 |   1 |  111.0 |
               +--------+--------+--------+--------+--------+-----+--------+

Top non-repeatable levels by time:
     D:4: 1282 daAuts
     D:2: 934 daAuts
     D:1: 907 daAuts
     D:3: 532 daAuts
     D:5: 385 daAuts
  Temple: 111 daAuts
